 Dungeon Crawl Stone Soup version 0.31-a0-523-g071a6c1ffa (webtiles) character file.

Game seed: 13918628617160858648

1432 arthad the Chopper (level 8, -3/39 (43) HPs)
             Began as a Vine Stalker Berserker on Aug 11, 2023.
             Was a Priest of Trog.
             Killed by divine providence
             ... invoked by Jeremiah
              (12 damage)
             ... on level 6 of the Dungeon.
             The game lasted 00:08:15 (4472 turns).

arthad the Chopper (Vine Stalker Berserker)         Turns: 4472, Time: 00:08:15

HP:   -3/39 (43)    AC: 11    Str: 27    XL:     8   Next: 73%
MP:   0/9           EV: 12    Int:  7    God:    Trog [***...]
Gold: 270           SH:  0    Dex: 15    Spells: 7/7 levels left

rFire   . . .        v - +6 spear of Law {venom, rN+}
rCold   . . .        (no shield)
rNeg    + . .        l - +0 scale mail
rPois   .            (no helmet)
rElec   .            D - +1 cloak
rCorr   .            f - +0 pair of gloves
SInv    .            k - +0 pair of boots
Will    +++..        (no amulet) Stlth
                     o - ring of flight
HPRegen 2.06/turn    G - +6 ring of strength
MPRegen 0.11/turn

%: guardian spirit
@: strong-willed (expiring), on berserk cooldown, flying, regenerating
(expiring), slowed, drained, very slow
A: fangs 3, regeneration 1, magic shield, antimagic bite, no potion heal 2
a: Renounce Religion, Berserk, Trog's Hand


You were on level 6 of the Dungeon.
You worshipped Trog.
Trog was most pleased with you.
You visited 1 branch of the dungeon, and saw 6 of its levels.

You collected 270 gold pieces.

Inventory:

Hand Weapons
 a - a +0 hand axe
 i - a +0 mace of protection
 v - the +6 spear of Law (weapon) {venom, rN+}
   (You found it on level 4 of the Dungeon)

   rN+:       It protects you from negative energy.
 z - a +1 whip of freezing
 C - a +3 quarterstaff of chaos
Missiles
 t - 4 atropa-tipped darts
Armour
 b - a +0 animal skin
 f - a +0 pair of gloves (worn)
 k - a +0 pair of boots (worn)
 l - a +0 scale mail (worn)
 A - a +1 robe of resistance
 D - a +1 cloak (worn)
Jewellery
 o - a ring of flight (left hand)
 G - a +6 ring of strength (right hand)
Wands
 p - a wand of iceblast (5)
 r - a wand of flame (1)
 H - a wand of paralysis (9)
Scrolls
 e - a scroll of blinking {unknown}
 g - 2 scrolls of identify {unknown}
 h - a scroll of vulnerability {unknown}
 j - a scroll of teleportation {unknown}
 n - a scroll of acquirement {unknown}
 x - a scroll of summoning {unknown}
 y - a scroll of amnesia {unknown}
 E - a scroll of fog {unknown}
 I - a scroll of poison {unknown}
Potions
 c - 2 potions of enlightenment {unknown}
 d - 2 potions of heal wounds {unknown}
 m - 2 potions of invisibility {unknown}
 q - 5 potions of curing
 s - a potion of mutation {unknown}
 u - a potion of berserk rage {unknown}
 w - 2 potions of might {unknown}
 B - a potion of attraction {unknown}
 F - a potion of degeneration {unknown}


   Skills:
 * Level 5.3 Fighting
 * Level 5.3 Axes
 * Level 4.4 Armour
 * Level 4.4 Dodging
 + Level 2.2 Evocations


You had 7 spell levels left.
You didn't know any spells.
Your spell library was empty.

Dungeon Overview and Level Annotations

Branches:
Dungeon (6/15)             Temple (0/1) D:4

Altars:
Makhleb
Nemelex Xobeh
Vehumet

Annotations:
D:6 Jeremiah


Innate Abilities, Weirdness & Mutations

You have razor-sharp teeth.
Your natural rate of healing is unusually fast.
When hurt, damage is shared between your health and your magic reserves.
Your bite disrupts and absorbs the magic of your enemies.
Potions cannot restore your health.


Message History

Jeremiah closely misses you.
Reach: v) +6 spear of Law {venom, rN+}
Press: ? - help, Dir - move target, f/p - Jeremiah
Aim: Jeremiah, wielding a +2 glaive of draining and wearing a +2 robe of willpower (heavily wounded, extremely poisoned, about 36% to evade the +6 spear of Law)
The butterfly is in the way.
You miss the butterfly. Your bite misses the butterfly.
You feel the effects of Trog's Hand fading.
The butterfly disappears in a burst of colours!
Jeremiah mumbles a slurred invocation.
Something smites you! Jeremiah closely misses you.
Reach: v) +6 spear of Law {venom, rN+}
Press: ? - help, Dir - move target, f/p - Jeremiah
Aim: Jeremiah, wielding a +2 glaive of draining and wearing a +2 robe of willpower (heavily wounded, very poisoned, about 36% to evade the +6 spear of Law)
The butterfly is in the way.
You miss the butterfly. Your bite misses the butterfly.
Jeremiah hits you from afar with a +2 glaive of draining!
You partially resist.
You feel drained.
Okay, then.
Okay, then.
Okay, then.
Reach: v) +6 spear of Law {venom, rN+}
Press: ? - help, Dir - move target, f/p - Jeremiah
Aim: Jeremiah, wielding a +2 glaive of draining and wearing a +2 robe of willpower (heavily wounded, very poisoned, about 36% to evade the +6 spear of Law)
Okay, then.
Unknown command.
Unknown command.
Reach: v) +6 spear of Law {venom, rN+}
Press: ? - help, Dir - move target, f/p - Jeremiah
Aim: Jeremiah, wielding a +2 glaive of draining and wearing a +2 robe of willpower (heavily wounded, very poisoned, about 36% to evade the +6 spear of Law)
You reach to attack!
You hit Jeremiah.
Jeremiah is severely wounded.
The butterfly disappears in a burst of colours! x4
Jeremiah lets out a twisted cry.
Something smites you!
* * * LOW HITPOINT WARNING * * *
Okay, then.
It was a potion of curing.
That felt strangely inert.
Jeremiah hops!
Jeremiah shouts, "O dreadful one, destroy my foe!"
Something smites you!
You die...

......F...#
.....bbb..#
.....bbbb.#
..bbb.b...##
.....bbb...#
......b.bbb#
#....b..b# #.@# #b##
... ##.# ....
######.#### ....#
#.........# .....#
##..........#
.....###............
#..[.##.....b.....
#.....#..........


You could see Jeremiah (very poisoned).

Vanquished Creatures
  Pikel (D:4)
  Sigmund (D:4)
  Menkaure (D:4)
  A black bear (D:5)
  An ogre (D:6)
  2 lemures (D:4)
  A bullfrog (D:6)
  A crimson imp (D:3)
  An orc priest (D:5)
  Crazy Yiuf (D:4)
  2 hounds
  A gnoll bouda (D:5)
  2 iguanas
  3 gnolls (D:5)
  7 adders
  An ufetubus (D:5)
  4 worms
  A dart slug (D:4)
  7 orcs
  7 bats
  6 endoplasms
  5 giant cockroaches
  4 goblins
  5 hobgoblins
  4 jackals (D:2)
  5 quokkas
  7 ball pythons
  3 frilled lizards
  6 kobolds
  10 rats
101 creatures vanquished.

Notes
Turn   | Place    | Note
-------+----------+-------------------------------------------
     0 | D:1      | arthad the Vine Stalker Berserker began the quest for the
                  | Orb.
     0 | D:1      | Reached XP level 1. HP: 11/11 MP: 2/2
   112 | D:1      | Reached XP level 2. HP: 16/16 MP: 1/3
   682 | D:1      | Reached XP level 3. HP: 18/20 MP: 4/4
  1263 | D:2      | Reached ** piety under Trog
  1621 | D:2      | Gained mutation: Your natural rate of healing is unusually
                  | fast. [Vine Stalker growth]
  1621 | D:2      | Reached XP level 4. HP: 19/24 MP: 5/5
  2388 | D:3      | Found a burning altar of Makhleb.
  2389 | D:3      | Found a radiant altar of Vehumet.
  2412 | D:3      | Reached XP level 5. HP: 28/28 MP: 6/6
  2442 | D:3      | Reached *** piety under Trog
  2721 | D:4      | Noticed Sigmund
  2729 | D:4      | Killed Sigmund
  2730 | D:4      | Reached XP level 6. HP: 33/33 MP: 5/7
  2828 | D:4      | Found a staircase to the Ecumenical Temple.
  2997 | D:4      | Identified the +6 spear of Law {venom, rN+}
  3209 | D:4      | Noticed Menkaure
  3218 | D:4      | Killed Menkaure
  3219 | D:4      | Reached XP level 7. HP: 37/37 MP: 5/8
  3250 | D:4      | Found a runed translucent door.
  3251 | D:4      | Noticed Crazy Yiuf
  3348 | D:4      | Noticed Pikel
  3373 | D:4      | Killed Pikel
  3374 | D:4      | Reached skill level 1 in Evocations
  3374 | D:4      | Gained mutation: You have razor-sharp teeth. [Vine Stalker
                  | growth]
  3374 | D:4      | Reached XP level 8. HP: 13/42 MP: 3/9
  3556 | D:4      | Killed Crazy Yiuf
  3604 | D:5      | Entered Level 5 of the Dungeon
  3744 | D:5      | Reached skill level 5 in Fighting
  3744 | D:5      | Reached skill level 5 in Axes
  3896 | D:5      | Found a sparkling altar of Nemelex Xobeh.
  4445 | D:6      | Noticed Jeremiah
  4472 | D:6      | Killed from afar by Jeremiah

Illustrated notes

Levels and vault maps discovered:
D:1:      lightli_arrival_statue_moat, layout_basic
D:2:      layout_basic
D:3:      layout_loops_ring, grunt_temple_overflow_lords_of_destruction
D:4:      layout_loops_ring, minmay_temple_entry_water_ring,
          serial_bayou_pond_d, uniq_sigmund, uniq_crazy_yiuf_cottage,
          uniq_pikel, uniq_menkaure
D:5:      layout_loops_ring, lemuel_doored_altar
D:6:      layout_cave_pods, moated_statue, minmay_pentangle, uniq_edmund,
          uniq_jeremiah, uniq_duvessa

Skill      XL: |  1  2  3  4  5  6  7  8 |
---------------+-------------------------+-----
Fighting       | 3 4 5 |  5.3
Axes           | 3 4 5 |  5.3
Dodging        | 2 3 4 |  4.4
Armour         | 2 3 4 |  4.4
Evocations     | 1 2 |  2.2

Action                     |  1- 3 |  4- 6 |  7- 9 || total
---------------------------+-------+-------+-------++-------
  Melee: Hand axe          |   135 |   114 |       ||   249
         Bite              |    29 |    30 |    26 ||    85
         Punch             |       |     1 |     2 ||     3
         Spear             |       |    10 |    90 ||   100
 Invoke: Berserk           |       |     2 |     1 ||     3
         Trog's Hand       |       |     2 |     1 ||     3
  Evoke: Wand              |       |     1 |       ||     1
    Use: Potion            |       |       |     1 ||     1
   Stab: Sleeping          |     3 |       |       ||     3
 Armour: Animal skin       |    40 |       |       ||    40
         Scale mail        |     5 |    54 |    12 ||    71
  Dodge: Dodged            |   113 |    48 |    16 ||   177

Table legend: (Time is in decaauts)
 A = Elapsed time spent in this place.
 B = Non-inter-level travel time spent in this place.
 C = Inter-level travel time spent in this place.
 D = Time resting spent in this place.
 E = Time spent auto-exploring this place.
 F = Levels seen in this place.
 G = Mean time per level.
                   A        B        C        D        E       F      G
               +--------+--------+--------+--------+--------+-----+--------+
         Total |   4516 |   4342 |    174 |      4 |   3523 |   6 |  752.7 |
       Dungeon |   4516 |   4342 |    174 |      4 |   3523 |   6 |  752.7 |
               +--------+--------+--------+--------+--------+-----+--------+

Top non-repeatable levels by time:
     D:1: 1261 daAuts
     D:4: 903 daAuts
     D:3: 821 daAuts
     D:5: 677 daAuts
     D:2: 668 daAuts
     D:6: 184 daAuts
